 Dungeon Crawl Stone Soup version 0.20.0 (webtiles) character file.

620 FakerFangirl the Cudgeler (level 7, -6/59 HPs)
             Began as a Black Draconian Fighter on May 25, 2017.
             Was an Initiate of Cheibriados.
             Killed from afar by Dowan (14 damage)
             ... with a shard of ice
             ... on level 5 of the Dungeon.
             The game lasted 00:03:40 (3293 turns).

FakerFangirl the Cudgeler (Black Draconian Fighter) Turns: 3293, Time: 00:03:40

Health: -6/59      AC:  7    Str: 20    XL:     7   Next: 22%
Magic:  7/7        EV: 10    Int:  9    God:    Cheibriados [......]
Gold:   193        SH:  9    Dex: 13    Spells: 6/6 levels left

rFire    . . .     SeeInvis .   Y - +1 morningstar
rCold    . . .     Gourm    .   b - +0 shield
rNeg     . . .     Faith    .   (armour unavailable)
rPois    .         Spirit   .   (helmet restricted)
rElec    +         Reflect  .   (no cloak)
rCorr    .         Harm     .   (no gloves)
MR       .....                  k - +0 pair of boots
Stlth    +.........             (no amulet)
Regen    0.2/turn               (no ring)
MPRegen  0.1/turn               (no ring)

@: about to teleport, very slow
A: breathe lightning, unfitting armour, electricity resistance, cold-blooded, AC
+6
a: Breathe Lightning, Bend Time, Renounce Religion


You were on level 5 of the Dungeon.
You worshipped Cheibriados.
Cheibriados was noncommittal.
You were not hungry.

You visited 1 branch of the dungeon, and saw 5 of its levels.

You collected 193 gold pieces.


Innate Abilities, Weirdness & Mutations

You can breathe wild blasts of lightning.
Your glossy black scales are hard. (AC +6)
You cannot fit into any form of body armour.
You are resistant to electric shocks. (rElec)
You are cold-blooded and may be slowed by cold attacks.


   Skills:
 - Level 4.2 Fighting
 + Level 7.7 Maces & Flails
 - Level 2.6 Dodging
 - Level 3.0 Shields


You had 6 spell levels left.
You didn't know any spells.

Inventory:

Hand Weapons
 Y - a +1 morningstar (weapon)
Armour
 b - a +0 shield (worn)
 k - a +0 pair of boots (worn)
Scrolls
 j - 2 scrolls of remove curse
 m - a scroll of identify
Potions
 a - a potion of agility {unknown}
 c - 2 potions of might
 f - a potion of ambrosia {unknown}
 h - a potion of haste {unknown}
 r - a potion of curing
Comestibles
 d - 2 bread rations
 e - 2 royal jellies
 l - a meat ration

Dungeon Overview and Level Annotations

Branches:
Dungeon (5/15)             Temple (0/1) D:4

Altars:
Cheibriados
Nemelex Xobeh
Okawaru
Qazlal
Trog
Uskayaw

Annotations:
D:5 Dowan


Message History

You block Duvessa's attack.
You hit Duvessa.
You kill Duvessa!
Cheibriados thoroughly appreciates the change of pace.
Dowan's eyes darken. "You have made a black mistake."
Dowan seems to find hidden reserves of power!
Dowan closely misses you. Dowan hits you with a dagger.
You sock Dowan!
Dowan is heavily wounded.
Dowan says, "Magic will overcome all!"
Dowan hits you but does no damage. Dowan hits you with a dagger.
You closely miss Dowan.
Your tail-slap misses Dowan.
Dowan is heavily wounded.
Dowan hits you with a dagger. x2
3293 ||| READING scroll of teleportation.
As you read the scroll of teleportation, it crumbles to dust.
You feel strangely unstable. Dowan casts a spell at you.
The shard of ice hits you!
You die...

#.####.##a#.#.# .#
#......{..#.#.# .#
#######)###.#.## .# #)#
#.#..#######.#### #..
#.#.............
##.##...#.#.#.#.#.#.#
.l.................#
#.##.##.#.#.#.#.#.##
######h.#....)@..).....#
........#(#....e##.#######
..#.....#.#......%.# ..
.....#.......#### ..
.....##......## .#
#.##.#.......... .#
#.##.#..........
.###.##.'..>........
.....####.......####


You could see Dowan.

Vanquished Creatures
  Duvessa (D:5)
  An ice beast (D:5)
  A centaur (D:4)
  A hound (D:5)
  2 orc priests
  2 orc wizards
  An iguana (D:4)
  A worker ant (D:5)
  7 adders
  4 worms
  7 orcs
  A ball python (D:3)
  6 bats
  A giant cockroach (D:4)
  5 goblins
  3 hobgoblins (D:3)
  14 jackals
  4 kobolds
  2 quokkas
  5 frilled lizards
  A jackal skeleton (D:4)
  2 rats
72 creatures vanquished.

Notes
Turn   | Place    | Note
-------+----------+-------------------------------------------
     0 | D:1      | FakerFangirl the Draconian Fighter began the quest for the Orb.
     0 | D:1      | Reached XP level 1. HP: 19/19 MP: 1/1
     0 | D:1      | 0 ||| counter = 18
   384 | D:1      | Reached XP level 2. HP: 26/26 MP: 2/2
   677 | D:1      | 677 ||| READING scroll labeled XARUUR VIAFARA.
   678 | D:1      | 678 ||| READING scroll labeled OPUOSI RUATOF.
   679 | D:1      | 679 ||| READING scroll labeled IDUH QABALL.
   684 | D:1      | 684 ||| READING scroll labeled IRURUVVAPU.
   708 | D:2      | 708 ||| STAIRDANCE
   712 | D:2      | 712 ||| STAIRDANCE
   717 | D:2      | 717 ||| STAIRDANCE
   722 | D:2      | 722 ||| STAIRDANCE
   729 | D:2      | 729 ||| STAIRDANCE
   781 | D:2      | Reached skill level 3 in Maces & Flails
  1092 | D:2      | Reached XP level 3. HP: 31/31 MP: 3/3
  1135 | D:2      | Noticed a water elemental
  1137 | D:2      | Found a stormy altar of Qazlal.
  1138 | D:2      | Noticed an earth elemental
  1138 | D:2      | Noticed an air elemental
  1138 | D:2      | Noticed a fire elemental
  1277 | D:2      | Found a bloodstained altar of Trog.
  1471 | D:2      | 1471 ||| READING scroll labeled OBO KIX VIM.
  1509 | D:3      | Reached skill level 4 in Maces & Flails
  1805 | D:3      | Reached XP level 4. HP: 36/38 MP: 4/4
  1839 | D:3      | 1839 ||| SWAPPING to morningstar.
  1840 | D:3      | 1840 ||| DROPPING +0 flail.
  1993 | D:3      | Reached skill level 5 in Maces & Flails
  1993 | D:3      | Reached XP level 5. HP: 37/45 MP: 5/5
  2330 | D:3      | 2330 ||| READING 5 scrolls labeled ESUXTIEFIW.
  2331 | D:3      | 2331 ||| READING scroll labeled ZOHAC HOET.
  2332 | D:3      | 2332 ||| READING scroll labeled COHIGG FYJUO.
  2333 | D:3      | 2333 ||| READING scroll labeled LAYDIN DAOSAY.
  2334 | D:3      | 2334 ||| DRINKING 2 coppery potions.
  2335 | D:3      | 2335 ||| READING 4 scrolls of identify.
  2335 | D:3      | 2335 ||| IDENTIFYING runed ivory ring
  2336 | D:3      | 2336 ||| DROPPING ring of flight.
  2337 | D:3      | 2337 ||| READING 3 scrolls of identify.
  2337 | D:3      | 2337 ||| IDENTIFYING bubbling coppery potion
  2338 | D:3      | 2338 ||| READING 2 scrolls of identify.
  2338 | D:3      | 2338 ||| IDENTIFYING metallic puce potion
  2339 | D:3      | 2339 ||| DROPPING potion of magic.
  2340 | D:3      | 2340 ||| DROPPING potion of degeneration.
  2552 | D:4      | Found a hide-covered altar of Uskayaw.
  2559 | D:4      | Found a sparkling altar of Nemelex Xobeh.
  2590 | D:4      | Found a snail-covered altar of Cheibriados.
  2593 | D:4      | Became a worshipper of Cheibriados the Contemplative
  2678 | D:4      | Found a staircase to the Ecumenical Temple.
  2683 | D:4      | Noticed a centaur
  2688 | D:4      | Killed a centaur
  2688 | D:4      | Reached skill level 6 in Maces & Flails
  2688 | D:4      | Reached XP level 6. HP: 31/51 MP: 6/6
  2922 | D:4      | 2922 ||| UPGRADING to pair of boots.
  2943 | D:5      | Entered Level 5 of the Dungeon
  2945 | D:5      | Found an iron altar of Okawaru.
  3024 | D:5      | Noticed an ice beast
  3024 | D:5      | 3024 ||| Stepping ~*~*~tactically~*~*~ (outnumbered).
  3043 | D:5      | Killed an ice beast
  3043 | D:5      | Reached skill level 7 in Maces & Flails
  3045 | D:5      | HP: 9/52 [something/puff of flame (8)]
  3046 | D:5      | 3046 ||| READING 2 scrolls of teleportation.
  3046 | D:5      | HP: 4/52 [orc/mace (6)]
  3050 | D:5      | Noticed Dowan
  3112 | D:5      | Noticed Duvessa
  3167 | D:5      | 3167 ||| Invisible monster not found???
  3189 | D:5      | Your scales start taking on a glossy black colour.
  3189 | D:5      | Reached XP level 7. HP: 37/59 MP: 7/7
  3189 | D:5      | Gained mutation: You are resistant to electric shocks. (rElec) [Black Draconian growth]
  3270 | D:5      | 3270 ||| EATING 3 royal jellies.
  3290 | D:5      | Killed Duvessa
  3292 | D:5      | HP: 13/59 [Dowan/dagger (5)]
  3293 | D:5      | 3293 ||| READING scroll of teleportation.
  3293 | D:5      | Killed from afar by Dowan

Vault maps used:
D:1:      matt_arrival_refuge
D:2:      lightli_temple_of_fire, nicolae_qazlal_style_of_elements,
          kennysheep_generic_room_6
D:3:      portal_sewer_entry_d
D:4:      kennysheep_mini_moat, amethyst_overflow_temple_binary,
          minmay_temple_entry_glass, first_bread
D:5:      lemuel_crystal_altar, basic_altar, minmay_misc_feat_pillars,
          nicolae_zen_rock_garden, st_stairs_11, uniq_duvessa

Skill      XL: |  1  2  3  4  5  6 |
---------------+-------------------+-----
Maces & Flails | 3 4 5 6 7 |  7.7
Fighting       | 4 |  4.2
Dodging        | |  2.6
Shields        | |  3.0

Action                   |  1- 3 |  4- 6 |  7- 9 || total
-------------------------+-------+-------+-------++-------
Melee: Flail             |   126 |     1 |       ||   127
       Tailslap          |    18 |    20 |     1 ||    39
       Morningstar       |       |   123 |    15 ||   138
Throw: Tomahawk          |       |    21 |       ||    21
  Use: Scroll            |     5 |     8 |     1 ||    14
       Potion            |       |     1 |       ||     1
  Eat: Chunk             |     3 |     4 |       ||     7
       Royal jelly       |       |       |     1 ||     1
Armor: Skin              |    51 |    43 |     8 ||   102
Dodge: Dodged            |    59 |    59 |     5 ||   123
Block: Shield            |    66 |    53 |    15 ||   134
